Map: New Gettysburg LE

Players

uThermal

  • Race: Terran Terran
  • League: Gold

Neeb - Winner!

  • Race: Protoss Protoss
  • League: Diamond

Event: IEM Season 11 - Shanghai

VOD

Have the link to the VOD?

Description

Time

  • Played on: July 30, 2016, 6:09 a.m.
  • Length: 16:18

All games in this series

Show
View Real Time Build Order
Export as new Build Order

uThermal Terran 

Build Orders: Bio Liberator, MMM Bio 

Get SALT Encoding   

  12  0:01  SCV  
  13  0:14  SCV  
  14  0:18  Supply Depot  
  14  0:26  SCV  
  15  0:40  SCV  
  15  0:41  Barracks  
  16  0:52  SCV  
  17  1:04  SCV  
  17  1:05  Refinery  
  18  1:16  SCV  
  19  1:28  Orbital Command, Marine  
  20  1:38  Command Center  
  20  1:49  Barracks Reactor  
  20  1:54  SCV  
  20  1:57  Barracks  
  21  2:06  SCV  
  21  2:07  Supply Depot  
  22  2:18  SCV  
  23  2:28  Marine x2  
  25  2:30  SCV  
  26  2:42  SCV  
  26  2:43  Barracks Tech Lab  
  27  2:50  Orbital Command  
  27  2:54  Command Center  
  27  2:55  SCV  
  27  2:57  Marine  
  29  2:59  Marine  
  29  3:03  Marine  
  31  3:07  SCV  
  32  3:13  Stimpack  
  32  3:16  SCV  
  32  3:19  SCV  
  34  3:22  Engineering Bay  
  34  3:27  Refinery, Marine x2  
  34  3:29  Marine  
  34  3:33  SCV  
  38  3:37  SCV  
  38  3:45  Marine x2, SCV  
  38  3:47  Marine  
  42  3:49  SCV  
  42  3:53  Factory  
  43  3:57  SCV  
  43  4:01  SCV  
  45  4:02  Marine  
  45  4:06  Orbital Command, Marine  
  45  4:09  Missile Turret  
  47  4:12  SCV  
  47  4:13  Missile Turret  
  46  4:19  Marine, SCV  
  45  4:24  SCV  
  45  4:31  SCV  
  45  4:35  SCV  
  45  4:36  SCV  
  46  4:40  Marine x2  
  46  4:43  SCV  
  49  4:47  SCV  
  49  4:49  Starport, Factory Reactor  
  49  4:50  SCV  
  51  4:55  SCV  
  51  4:56  Terran Infantry Weapons Level 1  
  51  4:59  SCV  
  53  5:00  Supply Depot  
  53  5:01  Marine  
  53  5:02  Marine  
  53  5:03  Marine  
  53  5:06  SCV  
  57  5:10  SCV  
  57  5:11  Supply Depot  
  58  5:17  Barracks  
  58  5:18  SCV, Combat Shields  
  59  5:23  Supply Depot  
  59  5:24  SCV  
  59  5:25  Orbital Command  
  59  5:27  Marine x2  
  62  5:31  SCV, Factory Reactor  
  62  5:32  Medivac  
  65  5:36  Refinery, SCV  
  65  5:38  Marine  
  65  5:39  Refinery  
  67  5:43  Medivac  
  67  5:44  SCV  
  67  5:45  Marine  
  67  5:48  SCV  
  70  5:52  SCV  
  70  5:56  SCV  
  72  5:59  Marine  
  72  6:00  SCV  
  72  6:04  Barracks, SCV  
  74  6:05  Barracks  
  74  6:06  Supply Depot  
  74  6:08  SCV  
  74  6:09  Barracks Tech Lab  
  74  6:10  Widow Mine x2  
  80  6:12  Supply Depot, Marine  
  80  6:16  SCV, Missile Turret  
  82  6:19  Medivac  
  84  6:27  Medivac  
  84  6:28  Supply Depot, SCV  
  84  6:29  Supply Depot  
  84  6:30  SCV  
  88  6:34  Marine x3  
  88  6:36  SCV  
  88  6:39  Widow Mine x2  
  95  6:47  Supply Depot  
  95  6:48  SCV  
  95  6:50  Terran Infantry Armor Level 1  
  95  6:53  Barracks Reactor, Barracks Tech Lab  
  98  6:54  SCV  
  98  7:00  Missile Turret  
  98  7:01  Missile Turret  
  96  7:02  Missile Turret  
  96  7:03  Missile Turret  
  96  7:07  Liberator x2, SCV x2  
  96  7:08  Widow Mine x2, SCV  
  101  7:09  Supply Depot, Marine  
  101  7:11  Marine x2  
  101  7:13  Marine  
  107  7:19  SCV  
  112  7:24  Supply Depot  
  112  7:25  Supply Depot, SCV  
  112  7:27  Marine x2  
  116  7:33  Marauder, Marine  
  119  7:37  Widow Mine x2  
  119  7:41  Concussive Shells  
  124  7:44  SCV x2  
  124  7:45  Supply Depot  
  124  7:46  Marine  
  124  7:47  Marauder  
  124  7:48  Supply Depot x2, Marine  
  124  7:50  Marine x2, Liberator  
  131  7:55  Refinery x2, Liberator  
  123  8:12  Marine  
  123  8:13  Marauder, Marine x2  
  123  8:15  Marine  
  129  8:23  Barracks  
  129  8:24  Barracks  
  127  8:27  Marine x2  
  127  8:28  Armory, Engineering Bay  
  127  8:33  Widow Mine x2  
  132  8:35  Command Center  
  132  8:38  Marauder, Marine  
  132  8:39  Liberator x2  
  134  8:44  Marine  
  134  8:46  Marauder  
  133  8:50  Marauder, Marine  
  133  8:54  Marine  
  137  8:59  Marauder, Marine  
  137  9:01  Widow Mine, Supply Depot x2  
  137  9:02  Marine  
  149  9:03  Widow Mine  
  145  9:22  Liberator x2  
  145  9:24  Marauder, Marine  
  139  9:25  Marine  
  139  9:26  Marauder  
  137  9:31  Marine x2  
  137  9:32  Marauder  
  130  9:41  Barracks x2, Marine  
  130  9:45  Terran Infantry Weapons Level 2  
  139  9:46  Marauder  
  139  9:50  Marine  
  136  9:53  Marine  
  133  10:01  Widow Mine  
  133  10:05  Marine  
  133  10:06  Marauder  
  133  10:08  Planetary Fortress  
  133  10:11  Marine  
  133  10:12  Marauder  
  127  10:16  SCV x2  
  127  10:19  SCV  
  124  10:27  Marine  
  124  10:28  Marine, SCV  
  124  10:29  SCV  
  124  10:31  SCV  
  124  10:32  Barracks Tech Lab  
  124  10:33  Barracks Reactor  
  126  10:41  SCV x2  
  128  10:43  SCV  
  128  10:48  SCV  
  128  10:49  Marauder, Marine x2  
  134  10:52  Marine  
  134  10:53  Marauder, SCV x2  
  134  10:55  SCV  
  140  10:58  Marauder, Marine  
  140  11:00  SCV  
  146  11:12  SCV  
  146  11:13  Liberator x2, SCV  
  146  11:15  SCV  
  148  11:18  SCV  
  148  11:21  Marine  
  148  11:22  Marauder  
  148  11:24  SCV  
  132  11:26  SCV  
  132  11:27  Marauder, Marine x3  
  132  11:28  Marauder x2  
  132  11:29  Widow Mine x2  
  132  11:32  Starport, SCV  
  149  11:33  SCV  
  149  11:36  SCV  
  149  11:39  SCV  
  152  11:42  Marine  
  152  11:43  Marine, Marauder  
  152  11:45  Marine  
  155  11:49  Marauder x2  
  155  11:50  SCV x3  
  155  11:51  Marine x2  
  160  11:55  Marine  
  163  12:03  Marine  
  163  12:04  Marauder, Marine  
  163  12:05  Marine  
  149  12:09  Marine  
  149  12:10  Starport Tech Lab, Marauder  
  149  12:11  Marine, Marauder  
  149  12:13  Fusion Core  
  149  12:14  Marauder, Marine  
  148  12:16  Viking  
  148  12:17  Viking  
  149  12:23  Marine  
  149  12:25  Viking  
  149  12:26  Marine, Marauder  
  155  12:31  SCV x2  
  155  12:32  Refinery x2, SCV  
  155  12:35  SCV  
  158  12:43  SCV x2  
  158  12:44  SCV  
  156  12:47  Marine, SCV  
  148  12:55  SCV  
  148  12:56  SCV x2  
  148  12:57  Viking  
  148  12:59  SCV  
  148  13:05  Viking  
  148  13:12  Marine  
  151  13:13  Marine x2, Marauder  
  151  13:14  Marine  
  151  13:19  Marauder  
  153  13:21  Widow Mine x2  
  153  13:23  Marine  
  158  13:34  Marauder, Marine  
  160  13:37  Viking, Marauder, Marine  
  165  13:47  Viking  
  158  13:49  Marine  
  158  13:50  Widow Mine, Marauder  
  158  13:51  Marine  
  158  13:54  Marine  
  164  13:56  Marauder  
  164  13:59  Marine x2  
  164  14:00  Marauder  
  153  14:03  Viking  
  153  14:04  Marine  
  153  14:07  Marine  
  153  14:09  Viking  
  154  14:10  Marine  
  154  14:11  Marauder  
  154  14:14  Marine  
  154  14:15  Marauder  
  154  14:16  Marine  
  153  14:21  Marauder  
  153  14:23  Marine x2  
  153  14:28  Marine  
  154  14:33  Marauder  
  154  14:35  Marauder  
  154  14:36  Marauder, Marine  
  157  14:38  Marine  
  157  14:42  Marauder  
  157  14:45  Viking  
  156  14:50  Orbital Command  
  156  14:53  Viking  
  156  14:55  Viking  
  156  14:57  Marine  
  156  14:58  Marauder  
  156  14:59  Marine  
  163  15:01  Marine  
  163  15:03  Marine  
  163  15:07  Marine  
  165  15:08  Marine  
  163  15:15  Viking  
  161  15:22  Marauder, Marine  
  161  15:23  Viking  
  161  15:25  Viking  
  161  15:27  Marine  
  169  15:35  Marauder, Marine  
  164  15:45  Viking  
  164  15:47  Marine  
  164  15:48  Marine, Marauder  
  164  15:49  Marauder  
  170  15:54  Marauder, Marine  
  177  15:59  Marine  
Show
View Real Time Build Order
Export as new Build Order

Neeb Protoss - Winner!

Build Orders: 1 Gate Expand, Oracle Opening 

Get SALT Encoding   

  12  0:00  Probe (Chrono Boost)  
  13  0:11  Probe (Chrono Boost)  
  14  0:21  Pylon  
  14  0:22  Probe (Chrono Boost)  
  15  0:39  Gateway, Probe (Chrono Boost)  
  16  0:43  Assimilator  
  16  0:50  Probe (Chrono Boost)  
  17  1:00  Probe (Chrono Boost)  
  19  1:11  Probe (Chrono Boost)  
  19  1:20  Nexus  
  19  1:23  Probe (Chrono Boost)  
  20  1:33  Cybernetics Core  
  20  1:37  Probe (Chrono Boost)  
  21  1:41  Assimilator  
  21  1:47  Probe (Chrono Boost)  
  21  1:51  Pylon  
  22  1:58  Probe (Chrono Boost)  
  23  2:06  Adept  
  23  2:10  Warp Gate  
  23  2:11  Probe (Chrono Boost)  
  28  2:24  Mothership Core (Chrono Boost)  
  28  2:32  Probe (Chrono Boost)  
  29  2:42  Probe x2 (Chrono Boost)  
  29  2:43  Stargate  
  31  2:49  Adept, Pylon  
  33  2:52  Probe (Chrono Boost)  
  33  2:53  Probe (Chrono Boost)  
  35  3:03  Probe x2 (Chrono Boost)  
  37  3:14  Adept, Probe (Chrono Boost)  
  37  3:15  Probe (Chrono Boost)  
  41  3:21  Oracle  
  41  3:24  Probe (Chrono Boost)  
  46  3:27  Probe (Chrono Boost)  
  46  3:30  Pylon  
  46  3:35  Probe (Chrono Boost)  
  46  3:39  Probe (Chrono Boost)  
  48  3:44  Gateway x2  
  48  3:45  Probe (Chrono Boost)  
  49  3:51  Probe (Chrono Boost)  
  50  3:56  Probe (Chrono Boost)  
  50  4:02  Probe (Chrono Boost)  
  52  4:03  Nexus  
  52  4:05  Pylon  
  52  4:07  Probe (Chrono Boost)  
  53  4:12  Probe (Chrono Boost)  
  54  4:18  Probe (Chrono Boost)  
  54  4:22  Void Ray  
  54  4:23  Probe (Chrono Boost)  
  56  4:29  Probe (Chrono Boost)  
  57  4:33  Probe (Chrono Boost)  
  57  4:37  Assimilator  
  58  4:38  Assimilator  
  58  4:39  Probe (Chrono Boost)  
  58  4:44  Probe (Chrono Boost)  
  60  4:47  Forge  
  60  4:48  Twilight Council  
  60  4:50  Probe (Chrono Boost)  
  60  4:51  Sentry  
  60  4:52  Sentry  
  65  4:54  Probe (Chrono Boost)  
  65  4:57  Pylon  
  66  5:00  Probe (Chrono Boost)  
  66  5:05  Protoss Ground Weapons Level 1, Probe (Chrono Boost)  
  68  5:08  Blink  
  68  5:11  Probe (Chrono Boost)  
  69  5:16  Probe (Chrono Boost)  
  69  5:20  Probe (Chrono Boost)  
  71  5:23  Probe (Chrono Boost)  
  71  5:28  Robotics Facility, Probe (Chrono Boost)  
  73  5:30  Probe (Chrono Boost)  
  73  5:32  Gateway  
  73  5:33  Gateway  
  73  5:35  Gateway  
  75  5:36  Probe (Chrono Boost), Pylon  
  75  5:39  Sentry  
  75  5:40  Probe (Chrono Boost)  
  78  5:43  Probe (Chrono Boost)  
  80  5:50  Probe (Chrono Boost)  
  80  5:52  Probe (Chrono Boost)  
  80  5:53  Probe (Chrono Boost)  
  80  5:57  Assimilator x2  
  82  5:59  Stalker x2  
  82  6:02  Probe (Chrono Boost)  
  82  6:04  Gateway x2, Probe (Chrono Boost)  
  88  6:06  Pylon  
  88  6:07  Pylon  
  88  6:09  Adept  
  90  6:15  Observer, Pylon  
  90  6:17  Pylon  
  91  6:19  Pylon  
  91  6:31  Immortal, Stalker x2  
  95  6:35  Pylon  
  99  6:44  Stalker  
  99  6:45  Stalker x3, Protoss Ground Armor Level 1  
  107  6:56  Resonating Glaives  
  107  6:57  Adept x2  
  111  7:04  Photon Cannon, Pylon  
  111  7:05  Warp Prism  
  109  7:09  Stalker x3  
  109  7:10  Stalker  
  119  7:17  Photon Cannon  
  117  7:34  Adept  
  117  7:35  Adept x3, Stalker x2  
  117  7:36  Adept, Stalker  
  133  7:39  Immortal  
  133  7:40  Robotics Bay  
  137  7:54  Oracle  
  140  8:01  Nexus  
  140  8:14  Immortal  
  144  8:23  Pylon  
  144  8:24  Pylon  
  144  8:27  Pylon  
  144  8:30  Protoss Ground Armor Level 2  
  144  8:35  Adept x5  
  144  8:36  Adept  
  156  8:42  Forge  
  144  8:54  Pylon  
  145  8:59  Adept x6  
  145  9:00  Adept x2  
  161  9:09  Probe x3 (Chrono Boost)  
  131  9:24  Stalker x2  
  131  9:25  Adept x4  
  133  9:35  Disruptor  
  133  9:38  Probe x2 (Chrono Boost)  
  132  9:44  Protoss Ground Weapons Level 2  
  132  9:45  Pylon  
  133  9:46  Pylon  
  133  9:48  Mothership Core (Chrono Boost)  
  133  9:55  Stalker x2  
  133  9:56  Stalker x4  
  147  10:00  Probe x2 (Chrono Boost)  
  147  10:06  Disruptor  
  140  10:18  Oracle  
  141  10:27  Protoss Ground Armor Level 3  
  139  10:29  Adept x3  
  139  10:30  Adept x5  
  154  10:36  Photon Cannon  
  154  10:37  Disruptor, Probe x3 (Chrono Boost)  
  154  10:38  Probe (Chrono Boost)  
  160  10:49  Probe (Chrono Boost)  
  161  10:57  Stargate  
  161  10:59  Fleet Beacon  
  161  11:00  Stalker x2  
  165  11:08  Disruptor  
  165  11:09  Stalker  
  165  11:10  Stalker x2  
  164  11:32  Adept x5  
  172  11:33  Adept x3  
  180  11:40  Photon Cannon  
  157  12:09  Stalker x2  
  157  12:10  Stalker x5  
  159  12:20  Tempest x2  
  167  12:32  Assimilator  
  167  12:34  Assimilator  
  151  12:59  Protoss Ground Weapons Level 3  
  151  13:03  Tempest x2  
  157  13:14  Disruptor  
  157  13:17  Pylon  
  156  13:20  Stalker x3, Sentry x2  
  156  13:21  Stalker  
  162  13:40  Adept x2  
  154  14:01  Stalker x3  
  154  14:02  Stalker x3  
  156  14:08  Probe (Chrono Boost)  
  156  14:09  Probe (Chrono Boost)  
  152  14:14  Disruptor  
  150  14:18  Tempest x2  
  161  14:30  Sentry x3  
  167  14:33  Nexus  
  165  14:50  Pylon  
  165  15:00  Photon Cannon  
  165  15:01  Tempest, Pylon x2  
  169  15:14  Observer  
  169  15:15  Tempest  
  170  15:32  Stalker x2  
  170  15:33  Stalker x3  
  178  15:56  Assimilator  
  181  15:57  Assimilator  
  181  15:58  Adept x2  
  181  15:59  Adept x6  

Tags
 
Add a new tag
Caveats
  • Supply blocks, unpowered buildings, or Contaminate may cause inaccurate times.
  • Supply counts are checked every 10 seconds.